 Dungeon Crawl Stone Soup version 0.31-a0-319-g4fced400ed (webtiles) character file.

Game seed: 9491363288726022738

46 HallandMoats the Trooper (level 3, 0/30 HPs)
             Began as a Mummy Monk on July 17, 2023.
             Killed from afar by Ijyb (6 damage)
             ... with a puff of flame
             ... on level 4 of the Dungeon.
             The game lasted 00:02:15 (1990 turns).

HallandMoats the Trooper (Mummy Monk)               Turns: 1990, Time: 00:02:16

Health: 0/30       AC:  6    Str: 16    XL:     3   Next: 44%
Magic:  3/3        EV: 11    Int:  9    God:
Gold:   59         SH:  4    Dex: 14    Spells: 2/2 levels left

rFire   x . .        a - +0 mace
rCold   + . .        i - +0 buckler
rNeg    + + +        g - +0 ring mail
rPois   ∞            (no helmet)
rElec   .            h - +0 cloak
rCorr   .            (no gloves)
SInv    .            (no boots)
Will    .....        (no amulet)
Stlth   +            (no ring)
HPRegen 0.25/turn    (no ring)
MPRegen 0.08/turn

%: faith
@: no status effects
A: cold resistance 1, negative energy resistance 3, torment resistance 2, heat
vulnerability 1, in touch with death 1, no potions, faith
a: no special abilities


You were on level 4 of the Dungeon.
You visited 1 branch of the dungeon, and saw 3 of its levels.

You collected 59 gold pieces.

Inventory:

Hand Weapons
 a - a +0 mace (weapon)
Armour
 c - an orb of light
 g - a +0 ring mail (worn)
 h - a +0 cloak (worn)
 i - a +0 buckler (worn)
Scrolls
 b - a scroll of immolation {unknown}
 d - a scroll of amnesia {unknown}
 e - 2 scrolls of identify {unknown}
 f - a scroll of enchant weapon {unknown}
 j - 2 scrolls of teleportation {unknown}
 k - a scroll of revelation {unknown}


   Skills:
 * Level 4.0 Fighting
 + Level 2.9 Maces & Flails
 - Level 2.4 Dodging
 + Level 0.3 Stealth


You had 2 spell levels left.
You didn't know any spells.
Your spell library was empty.

Dungeon Overview and Level Annotations

Branches:
Dungeon (2/15)

Altars:

Shops:
D:1 [

Annotations:
D:4 Ijyb


Innate Abilities, Weirdness & Mutations

You are immune to poison.
Your flesh is cold resistant. (rC+)
You are immune to negative energy. (rN+++)
You are immune to unholy pain and torment.
You are vulnerable to heat. (rF-)
You are in touch with the powers of death.
You do not drink.
You have a special connection with the divine. (Faith)


Message History

Ijyb is heavily wounded.
Ijyb hits you but does no damage. The hobgoblin hits you.
You closely miss Ijyb.
Ijyb is heavily wounded.
Ijyb hits you but does no damage. You block the hobgoblin's attack.
Ijyb hits you but does no damage. The hobgoblin misses you.
You miss Ijyb.
Ijyb is heavily wounded.
Ijyb hits you with a +0 dagger. You block the hobgoblin's attack.
You hit Ijyb but do no damage.
Ijyb is heavily wounded.
Ijyb hits you but does no damage. The hobgoblin closely misses you.
You hit Ijyb.
Ijyb is severely wounded.
Ijyb hits you with a +0 dagger. You block the hobgoblin's attack.
You block Ijyb's attack.
The hobgoblin hits you but does no damage.
You hit Ijyb.
Ijyb is severely wounded.
Ijyb hits you with a +0 dagger.
The hobgoblin hits you but does no damage.
You closely miss Ijyb.
Ijyb is severely wounded.
Ijyb hits you but does no damage.
The hobgoblin hits you but does no damage.
You barely miss Ijyb.
Ijyb is severely wounded.
Ijyb barely misses you.
The hobgoblin hits you but does no damage.
You hit Ijyb but do no damage.
Ijyb is severely wounded.
Ijyb zaps a wand.
The puff of flame hits you! The fire burns you terribly!
Ouch! That really hurt!
* * * LOW HITPOINT WARNING * * *
The hobgoblin hits you.
* * * LOW HITPOINT WARNING * * *
Ijyb hits you but does no damage. The hobgoblin hits you.
* * * LOW HITPOINT WARNING * * *
Ijyb zaps a wand.
The puff of flame hits you. The fire burns you terribly!
You die...

. ##. ##.#
##..###
##....)###
#........##
##........#
#.@......#
##g......##
#.g.....##
#.##...##
#. ##.## ..
### .. ...
...


You could see Ijyb and a hobgoblin.

Vanquished Creatures
  An adder (D:2)
  2 worms (D:2)
  2 dart slugs (D:1)
  3 endoplasms
  A giant cockroach (D:1)
  A goblin (D:1)
  A hobgoblin (D:1)
  4 jackals
  2 quokkas (D:1)
  4 bats
  2 frilled lizards (D:1)
  A kobold (D:1)
  4 rats
28 creatures vanquished.

Notes
Turn   | Place    | Note
-------+----------+-------------------------------------------
     0 | D:1      | HallandMoats the Mummy Monk began the quest for the Orb.
     0 | D:1      | Reached XP level 1. HP: 18/18 MP: 1/1
   465 | D:1      | Reached XP level 2. HP: 24/24 MP: 2/2
   548 | D:1      | Found Agar Qou's Antique Armour Emporium.
  1646 | D:2      | Gained mutation: You are in touch with the powers of death.
                  | [Mummy growth]
  1646 | D:2      | Reached XP level 3. HP: 29/30 MP: 3/3
  1656 | D:2      | Found a faded altar of an unknown god.
  1815 | D:2      | Reached skill level 4 in Fighting
  1965 | D:2      | You fall into a shaft and drop 2 floors!
  1972 | D:4      | Noticed Ijyb
  1990 | D:4      | Killed from afar by Ijyb

Illustrated notes

Levels and vault maps discovered:
D:1:      minmay_arrival_plants_in_alcoves, layout_basic, serial_shops, shop
D:2:      layout_basic, hellmonk_ecumenical_altar_zigzags,
          palyth_stone_intersect, minivault_24
D:4:      layout_cave_pods, kennysheep_generic_room_10, uniq_ijyb

Skill      XL: |  1  2  3 |
---------------+----------+-----
Fighting       | 4 |  4.0
Maces & Flails | |  2.9
Dodging        | |  2.4
Stealth        | |  0.3

Action                     || total
---------------------------++-------
  Melee: Mace              ||   111
 Armour: Robe              ||     1
         Ring mail         ||    52
  Dodge: Dodged            ||    58
  Block: Buckler           ||    16

Table legend: (Time is in decaauts)
 A = Elapsed time spent in this place.
 B = Non-inter-level travel time spent in this place.
 C = Inter-level travel time spent in this place.
 D = Time resting spent in this place.
 E = Time spent auto-exploring this place.
 F = Levels seen in this place.
 G = Mean time per level.
                   A        B        C        D        E       F      G
               +--------+--------+--------+--------+--------+-----+--------+
         Total |   2020 |   1953 |     67 |    107 |   1508 |   3 |  673.3 |
       Dungeon |   2020 |   1953 |     67 |    107 |   1508 |   3 |  673.3 |
               +--------+--------+--------+--------+--------+-----+--------+

Top non-repeatable levels by time:
     D:1: 1330 daAuts
     D:2: 661 daAuts
     D:4: 29 daAuts
